 Dungeon Crawl Stone Soup version 0.23.0 (webtiles) character file.

Game seed: 10054229573290311275

37 Fang the Skirmisher (level 3, -1/24 HPs)
             Began as a Gargoyle Berserker on Feb 11, 2019.
             Was a Follower of Trog.
             Slain by an orc
             ... wielding a +0 whip
              (2 damage)
             ... on level 2 of the Dungeon.
             The game lasted 00:01:42 (667 turns).

Fang the Skirmisher (Gargoyle Berserker)             Turns: 667, Time: 00:01:42

Health: -1/24      AC:  5    Str: 21    XL:     3   Next: 39%
Magic:  3/3        EV: 11    Int:  9    God:    Trog [*.....]
Gold:   94         SH:  0    Dex:  9    Spells: 2/2 levels left

rFire    . . .     SeeInvis .   a - +0 hand axe
rCold    . . .     Gourm    .   (no shield)
rNeg     + . .     Faith    .   b - +0 animal skin
rPois    ∞         Spirit   .   (no helmet)
rElec    +         Reflect  .   (no cloak)
rCorr    .         Harm     .   (no gloves)
MR       .....                  (no boots)
Stlth    +.........             (no amulet)
HPRegen  0.08/turn              l - +2 ring of intelligence
MPRegen  0.08/turn              (no ring)

@: berserk cooldown, slowed, heavily drained, very slow
A: negative energy resistance 1, electricity resistance, unbreathing,
petrification resistance, rot immunity, AC +3
a: Berserk, Renounce Religion


You were on level 2 of the Dungeon.
You worshipped Trog.
Trog was aware of your devotion.
You were not hungry.

You visited 1 branch of the dungeon, and saw 2 of its levels.

You collected 94 gold pieces.

Inventory:

Hand Weapons
 a - a +0 hand axe (weapon)
Armour
 b - a +0 animal skin (worn)
Jewellery
 l - a +2 ring of intelligence (left hand)
Scrolls
 d - 2 scrolls of identify {unknown}
 e - a scroll of enchant armour {unknown}
 f - 3 scrolls of fear {unknown}
 g - a scroll of teleportation {unknown}
 h - 2 scrolls of blinking {unknown}
Potions
 j - a potion of mutation {unknown}
 k - a potion of resistance {unknown}
 m - a potion of flight {unknown}
Comestibles
 c - a ration
 i - 4 chunks of flesh


   Skills:
 + Level 3.7(2.1) Fighting
 + Level 3.0(1.5) Axes
 + Level 2.7(1.2) Armour
 + Level 2.0(0.5) Dodging


You had 2 spell levels left.
You didn't know any spells.
Your spell library was empty.

Dungeon Overview and Level Annotations

Branches:
Dungeon (2/15)

Altars:


Innate Abilities, Weirdness & Mutations

You are resistant to torment.
Your stone body is resilient. (AC +3)
You are immune to poison.
You resist negative energy. (rN+)
You are resistant to electric shocks. (rElec)
You can survive without breathing.
You are immune to petrification.
You are immune to rotting.


Message History

You closely miss the orc wizard.
The orc wizard hits you but does no damage. x2
You barely miss the orc wizard. The orc wizard closely misses you.
The orc wizard mumbles some strange words.
The orc wizard blinks!
You feel yourself speed up.
The orc wizard gestures at you while chanting.
You resist with significant effort.
You climb downwards.
You feel a strong urge to attack something.
You are no longer berserk.
You are exhausted.
You feel yourself slow down. The orc hits you with a +0 whip.
* * * LOW HITPOINT WARNING * * *
There is a stone staircase leading up here.
An orc is nearby!
An orc is nearby!
An orc is nearby!
You completely miss the orc. The orc hits you with a +0 whip.
You die...

#...
#..
#..
#.#
#.#
#[#
#.#
#.#
#@#
#o#
#.#
..#
#.#
##.
. .


You could see an orc.

Vanquished Creatures
  An ooze (D:1)
  A dart slug (D:1)
  A leopard gecko (D:1)
  2 orcs
  2 ball pythons (D:1)
  3 bats (D:1)
  A giant cockroach (D:1)
  6 hobgoblins
  A frilled lizard (D:1)
  2 goblins (D:1)
  3 kobolds (D:1)
  3 rats (D:1)
26 creatures vanquished.

Notes
Turn   | Place    | Note
-------+----------+-------------------------------------------
     0 | D:1      | Fang the Gargoyle Berserker began the quest for the Orb.
     0 | D:1      | Reached XP level 1. HP: 14/14 MP: 1/1
    90 | D:1      | Reached XP level 2. HP: 19/19 MP: 2/2
   405 | D:1      | Reached XP level 3. HP: 22/23 MP: 3/3
   656 | D:2      | HP: 1/24 [orc/+0 mace (3)]
   666 | D:2      | HP: 1/24 [orc/+0 whip (1)]
   667 | D:2      | Slain by an orc

Skill      XL: |  1  2  3 |
---------------+----------+-----
Axes           | 3 |  3.0
Dodging        | 2 |  2.0
Fighting       | |  3.7
Armour         | |  2.7

Action                   || total
-------------------------++-------
Melee: Hand axe          ||    92
Invok: Berserk           ||     1
 Stab: Sleeping          ||     1
Armor: Animal skin       ||    46
Dodge: Dodged            ||    57
